 Dungeon Crawl Stone Soup version 0.21.1-1-g345015f (webtiles) character file.

325 letownia2 the Destroyer (level 6, -1/32 HPs)
             Began as a Tengu Fire Elementalist on Mar 4, 2018.
             Slain by an orc priest
             ... wielding a +0 flail
              (6 damage)
             ... on level 3 of the Dungeon.
             The game lasted 00:06:24 (1165 turns).

letownia2 the Destroyer (Tengu Fire Elementalist)   Turns: 1165, Time: 00:06:24

Health: -1/32      AC:  3    Str:  9    XL:     6   Next: 48%
Magic:  8/10       EV: 12    Int: 17    God:
Gold:   127        SH:  0    Dex: 14    Spells: 5/9 levels left

rFire    . . .     SeeInvis .   f - +1 mace (holy)
rCold    . . .     Gourm    .   (no shield)
rNeg     . . .     Faith    .   t - +0 leather armour
rPois    .         Spirit   .   (helmet restricted)
rElec    .         Reflect  .   (no cloak)
rCorr    .         Harm     .   (no gloves)
MR       .....                  (boots unavailable)
Stlth    ++........             g - amulet of magic regeneration
HPRegen  0.10/turn              (no ring)
MPRegen  0.37/turn              (no ring)

@: no status effects
A: beak, talons 3, able to fly 1
a: Fly


You were on level 3 of the Dungeon.
You were not hungry.

You visited 1 branch of the dungeon, and saw 5 of its levels.

You collected 127 gold pieces.

Inventory:

Hand Weapons
 e - a +0 dagger
 f - a +1 mace of holy wrath (weapon)
 m - a +0 spear
 q - a +0 quarterstaff
Armour
 a - a +0 robe
 s - a cursed +0 ring mail
 t - a +0 leather armour (worn)
Jewellery
 g - an amulet of magic regeneration (around neck)
Wands
 h - a wand of digging (16)
 r - a wand of disintegration (10)
Scrolls
 i - a scroll of fog {unknown}
 j - 2 scrolls of identify {unknown}
 n - a scroll of teleportation {unknown}
 o - a scroll of enchant weapon {unknown}
Potions
 d - a potion of degeneration {unknown}
 k - a potion of mutation {unknown}
 p - a potion of might {unknown}
Books
 b - a book of Flames

   Spells                             Type                      Level
   a - Flame Tongue                   Conjuration/Fire             1
   b - Throw Flame                    Conjuration/Fire             2
   c - Conjure Flame                  Conjuration/Fire             3
   d - Inner Flame                    Hexes/Fire                   3
   e - Sticky Flame                   Conjuration/Fire             4
   f - Fireball                       Conjuration/Fire             5
Comestibles
 c - 2 rations
 l - 4 chunks of flesh


   Skills:
 - Level 2.1 Dodging
 - Level 2.0 Stealth
 - Level 2.0 Spellcasting
 + Level 8.4 Conjurations
 - Level 3.2 Fire Magic


You had 5 spell levels left.
You knew the following spells:

 Your Spells              Type           Power        Failure   Level  Hunger
a - Flame Tongue          Conj/Fire      ###..        2%          1    #......
c - Conjure Flame         Conj/Fire      ###.....     8%          3    ###....


Dungeon Overview and Level Annotations

Branches:
Dungeon (5/15)
 Temple: D:4-7

Altars:

Annotations:
D:3 inc's ghost, weakling FeVM


Innate Abilities, Weirdness & Mutations

You have a beak for a mouth.
You have claws for feet.
You can fly.


Message History

Aiming: Flame Tongue
Press: ? - help, Shift-Dir - straight line, f - orc priest
Aim: an orc priest, wielding a flail and wearing a leather armour The flame tongue misses the orc priest.
Casting: Flame Tongue
Confirm with . or Enter, or press ? or * to list all spells.
Aiming: Flame Tongue
Press: ? - help, Shift-Dir - straight line, f/p - orc priest
Aim: an orc priest, wielding a flail and wearing a leather armour The flame tongue misses the orc priest.
The orc priest hits you with a flail.
* * * LOW HITPOINT WARNING * * *
Casting: Flame Tongue
Confirm with . or Enter, or press ? or * to list all spells.
Aiming: Flame Tongue
Press: ? - help, Shift-Dir - straight line, f/p - orc priest
Aim: an orc priest, wielding a flail and wearing a leather armour The flame tongue hits the orc priest.
The orc priest is lightly wounded.
The orc priest hits you with a flail.
You die...

#######"#
#@o......
#.#....)#
#.# #####
#.# #)#
#.# #.#
#..


You could see an orc priest.

Vanquished Creatures
  A howler monkey (D:5)
  An orc priest (D:4)
  6 worker ants
  3 gnolls (D:4)
  An adder (D:4)
  2 oozes
  3 dart slugs
  2 leopard geckos
  10 orcs
  2 bats
  2 giant cockroaches
  4 goblins
  4 hobgoblins
  4 jackals (D:4)
  3 kobolds
  2 quokkas
  A ball python (D:4)
  A frilled lizard (D:4)
  5 rats
57 creatures vanquished.

Notes
Turn   | Place    | Note
-------+----------+-------------------------------------------
     0 | D:1      | letownia2 the Tengu Fire Elementalist began the quest for the Orb.
     0 | D:1      | Reached XP level 1. HP: 10/10 MP: 4/4
     7 | D:1      | Reached skill level 2 in Conjurations
    15 | D:1      | Reached XP level 2. HP: 15/15 MP: 0/6
    40 | D:1      | Reached skill level 3 in Conjurations
   183 | D:2      | Reached XP level 3. HP: 10/19 MP: 0/7
   189 | D:2      | Learned a level 3 spell: Conjure Flame
   213 | D:2      | Reached skill level 4 in Conjurations
   297 | D:3      | Noticed inc's ghost (weakling FeVM)
   376 | D:4      | Reached skill level 5 in Conjurations
   376 | D:4      | Reached XP level 4. HP: 24/24 MP: 2/8
   478 | D:4      | Reached skill level 6 in Conjurations
   514 | D:4      | Gained mutation: You can fly. [Tengu growth]
   514 | D:4      | Reached XP level 5. HP: 16/28 MP: 9/9
   557 | D:5      | Entered Level 5 of the Dungeon
   667 | D:4      | Reached skill level 7 in Conjurations
   866 | D:5      | Reached XP level 6. HP: 21/32 MP: 3/10
   927 | D:4      | Reached skill level 8 in Conjurations
  1165 | D:3      | Slain by an orc priest

Skill      XL: |  1  2  3  4  5  6 |
---------------+-------------------+-----
Conjurations   | 2 3 5 6 7 8 |  8.4
Dodging        | |  2.1
Stealth        | |  2.0
Spellcasting   | |  2.0
Fire Magic     | |  3.2

Action                   |  1- 3 |  4- 6 || total
-------------------------+-------+-------++-------
Melee: Unarmed           |     7 |       ||     7
       Kick              |     4 |     1 ||     5
       Dagger            |    10 |       ||    10
       Peck              |     3 |       ||     3
       Mace              |     4 |     8 ||    12
 Cast: Flame Tongue      |    33 |    90 ||   123
       Conjure Flame     |     1 |     5 ||     6
 Stab: Sleeping          |     2 |       ||     2
  Eat: Chunk             |       |     4 ||     4
Armor: Robe              |     5 |     8 ||    13
       Leather armour    |       |     1 ||     1
Dodge: Dodged            |    19 |    38 ||    57
